 Dungeon Crawl Stone Soup version 0.27.1-1-g398f81649c (webtiles) character file.

Game seed: 3518192360303991746

2 Elvor the Sneak (level 1, -2/14 HPs)
             Began as a Gargoyle Delver on Sept 10, 2021.
             Slain by a hound (3 damage)
             ... on level 5 of the Dungeon.
             The game lasted 00:03:48 (202 turns).

Elvor the Sneak (Gargoyle Delver)                    Turns: 202, Time: 00:03:49

Health: -2/14      AC:  5    Str: 15    XL:     1   Next: 30%
Magic:  1/1        EV: 11    Int: 10    God:
Gold:   0          SH:  0    Dex: 11    Spells: 0/0 levels left

rFire    . . .     SeeInvis .   a - +0 mace
rCold    . . .     Faith    .   (no shield)
rNeg     + . .     Spirit   .   b - +0 leather armour
rPois    ∞         Reflect  .   (no helmet)
rElec    +         Harm     .   (no cloak)
rCorr    .         Rampage  .   (no gloves)
Will     .....                  (no boots)
Stlth    +++.......             (no amulet)
HPRegen  0.04/turn              (no ring)
MPRegen  0.07/turn              (no ring)

@: hasted, very quick
A: sickness immunity, AC +2, negative energy resistance 1, electricity
resistance, torment resistance 1, petrification resistance
a: no special abilities


You were on level 5 of the Dungeon.
You visited 1 branch of the dungeon, and saw 1 of its levels.

Inventory:

Hand Weapons
 a - a +0 mace (weapon)
Missiles
 i - 18 stones (quivered)
 k - 8 boomerangs
Armour
 b - a +0 leather armour (worn)
 j - a +0 ring mail
Wands
 g - a wand of digging (3)
Scrolls
 c - a scroll of fog
 d - a scroll of magic mapping
 e - a scroll of teleportation {unknown}


   Skills:
 + Level 3.3 Fighting
 + Level 2.0 Maces & Flails
 + Level 1.5 Dodging
 + Level 5.5 Stealth


You couldn't memorise any spells.
You didn't know any spells.
Your spell library was empty.

Dungeon Overview and Level Annotations

Branches:
Dungeon (5/15)             Temple (0/1) D:5

Altars:


Innate Abilities, Weirdness & Mutations

You are immune to sickness and miasma.
Your stone body is resilient. (AC +2)
You are immune to poison.
You resist negative energy. (rN+)
You are resistant to electric shocks. (rElec)
You are resistant to unholy torment.
You are immune to petrification.


Message History

The hound completely misses you. The hound misses you.
The hound closely misses you. The hound bites you but does no damage.
The hound closely misses you. The hound misses you.
The hound barely misses you. The hound misses you.
The hound closely misses you. The hound bites you.
The hound completely misses you. The hound barely misses you.
The hound barely misses you. The hound bites you but does no damage.
The hound bites you but does no damage. The hound barely misses you.
The hound bites you.
Okay, then.
You feel yourself speed up. The hound bites you but does no damage.
An adder comes into view.
The adder hisses angrily.
You hit the adder but do no damage. The hound closely misses you.
The adder misses you.
You closely miss the adder. The hound misses you.
The adder bites you but does no damage. The hound bites you.
You hit the adder.
The adder is heavily wounded.
The adder bites you.
* * * LOW HITPOINT WARNING * * *
The hound completely misses you.
You hit the adder.
The adder is severely wounded.
The adder barely misses you. The hound bites you.
* * * LOW HITPOINT WARNING * * *
You closely miss the adder.
The adder is severely wounded.
The hound bites you.
* * * LOW HITPOINT WARNING * * *
The adder barely misses you. The hound bites you.
You die...

#.# #.# #.#
#.# #.# #.#
## #.# #.# #.
#.# #.# ###+
#.# #.## #o.o
#.# #..#
###o## #.#
##h# #.'o'>
#.# #@#
#.#o## #.#
#S# # #.#...
#.# #.#
#.#.###+ #.#
...
####.......
#.# ...
..(.........
#.# #.##.#.
.###.####...
#.# #.##.#.
###.####...
#.# #.##....
............
#.# #.##
.##.###o##...


You could see a hound and an adder.

Vanquished Creatures
  An orc (D:5)
1 creature vanquished.

Notes
Turn   | Place    | Note
-------+----------+-------------------------------------------
     0 | D:5      | Elvor the Gargoyle Delver began the quest for the Orb.
     0 | D:5      | Reached XP level 1. HP: 14/14 MP: 1/1
     2 | D:5      | Noticed a jelly
    49 | D:5      | Noticed a jelly
    56 | D:5      | Noticed a scorpion
    78 | D:5      | Noticed an iguana
   103 | D:5      | Noticed an orc wizard
   103 | D:5      | Noticed an orc wizard
   104 | D:5      | Found a staircase to the Ecumenical Temple.
   115 | D:5      | Noticed an ogre
   124 | D:5      | Noticed an ogre
   144 | D:5      | Noticed a black bear
   144 | D:5      | Noticed a hound
   202 | D:5      | Slain by a hound

Illustrated notes

Levels and vault maps discovered:
D:5:      layout_cave_pools, minmay_temple_entry_glassed_door,
          serial_column_ruins, column_ruins_grid_1, column_ruins_open_tiny,
          column_ruins_columns_straight, grunt_ministairs_6,
          grunt_decor_mini_mirrors, chequers_serial_rivers_small_b,
          minmay_diced_spiral

Action                   || total
-------------------------++-------
Melee: Mace              ||    11
Throw: Stone             ||     1
  Use: Scroll            ||     2
       Potion            ||     1
Armor: Leather armour    ||     5
Dodge: Dodged            ||    27
